 Dungeon Crawl Stone Soup version 0.28.0-53-g5a82cb258f (webtiles) character file.

Game seed: 1103973483952821535

170 styxcanada the Covert (level 5, -3/26 HPs)
             Began as a Spriggan Brigand on May 28, 2022.
             Killed from afar by Ijyb (28 damage)
             ... with a bolt of acid
             ... on level 3 of the Dungeon on May 29, 2022.
             The game lasted 00:08:03 (2174 turns).

styxcanada the Covert (Spriggan Brigand)            Turns: 2174, Time: 00:08:04

Health: -3/26      AC:  3    Str:  7    XL:     5   Next: 26%
Magic:  6/6        EV: 17    Int: 13    God:
Gold:   83         SH:  0    Dex: 18    Spells: 4/4 levels left

rFire   . . .      SeeInvis +   i - +1 short sword (flame)
rCold   . . .      Faith    .   (no shield)
rNeg    . . .      Spirit   .   b - +0 robe
rPois   .          Reflect  .   (helmet restricted)
rElec   .          Harm     .   c - +0 cloak
rCorr   .          Rampage  .   (gloves unavailable)
Will    .....                   (boots unavailable)
Stlth   ++++......              (no amulet)
HPRegen 0.08/turn               k - ring of wizardry
MPRegen 0.10/turn               r - ring of flight

@: flying, very quick
A: very small, no large weapons, unfitting armour, see invisible, speed 3
a: no special abilities


You were on level 3 of the Dungeon.
You visited 1 branch of the dungeon, and saw 3 of its levels.

You collected 83 gold pieces.

Inventory:

Hand Weapons
 a - a +2 dagger
 i - a +1 short sword of flaming (weapon)
 o - a +0 hunting sling
Missiles
 d - 9 poisoned darts (quivered)
 e - 2 curare-tipped darts
 f - 3 throwing nets
 g - 44 stones
 m - 37 sling bullets
Armour
 b - a +0 robe (worn)
 c - a +0 cloak (worn)
Jewellery
 k - a ring of wizardry (left hand)
 r - a ring of flight (right hand)
Scrolls
 j - 2 scrolls of identify
 q - a scroll of enchant armour {unknown}
 s - 2 scrolls of teleportation {unknown}
 t - a scroll of vulnerability {unknown}
Potions
 h - a potion of mutation
 l - a potion of brilliance


   Skills:
 * Level 1.9 Fighting
 + Level 4.0 Short Blades
 + Level 2.0 Throwing
 * Level 2.1 Dodging
 * Level 8.2 Stealth


You had 4 spell levels left.
You didn't know any spells.
Your spell library was empty.

Dungeon Overview and Level Annotations

Branches:
Dungeon (3/15)

Altars:

Annotations:
D:3 Ijyb


Innate Abilities, Weirdness & Mutations

You are very small and have problems with some larger weapons.
You are too small for most types of armour.
You have supernaturally acute eyesight. (SInv)
You cover ground extremely quickly. (Speed+++)


Message History

d - 8 poisoned darts (gained 1)
You see here a +0 short sword.
Things that are here:
a +0 short sword; a +0 mace; an orc corpse You see here a +0 short sword.
The goblin shouts!
Items here: ( ) [ †.
The goblin completely misses you.
You barely miss the goblin. The goblin barely misses you.
You hit the goblin. You burn the goblin.
You kill the goblin!
You see here a +0 club.
d - 9 poisoned darts (gained 1)
Things that are here:
a +0 mace; a +0 scale mail; an orc corpse You see here a +0 club.
Things that are here:
a +0 short sword; an orc corpse
m - 37 sling bullets (gained 16)
You hear the slow rusting of a drain nearby.
You start resting.
HP restored.
You now have 83 gold pieces (gained 6).
You hear the rusting of a very distant drain.
You see here a +0 morningstar. 2 goblins come into view. 4 goblins come into view.
The goblin shouts! x2; You hear a shout!
The goblin shouts!
Ijyb the Twisted Goblin comes into view.
She is wielding a +0 club and carrying a wand of acid (10).
The goblin shouts! x2
The goblin unwields a +0 club.
The goblin wields a +0 hunting sling.
The goblin shoots a stone.
The stone closely misses you.
Found a scroll labelled SASOCL CEJAT and a pair of gloves.
The goblin misses you.
You completely miss the goblin.
The goblin shouts!
Your punch misses the goblin. The goblin hits you with a +0 club.
You barely miss the goblin.
Ijyb zaps a wand.
The bolt of acid hits you!!
Ouch! That really hurt!
You die...

#8...# #.......####
##...# #.......'..#
#...#
###########..#####'#.###
#####
#.8.8.8.8....+.....#....
#............#.###.#.###
#[...........#.# #.#.#
#..g...g...# #.###.#.#
#?...ggg...# #.....+.#
#...gg.@...# #'#######
#.8.8.8.8..###.#.#
#########...##...#
#....#.####.# #######
#.####.####.# ......#
#...##.#..#'#######
.##...###
###...##............#
.#8....8#
#8....8#............+
.##.....##
##.....##............#


You could see Ijyb and 6 goblins.

Vanquished Creatures
  A scorpion (D:2)
  An orc priest (D:3)
  2 adders
  4 orcs (D:3)
  9 bats
  4 endoplasms
  2 giant cockroaches (D:1)
  8 goblins
  4 hobgoblins
  8 kobolds
  2 quokkas
  6 ball pythons
  3 frilled lizards
  5 rats
59 creatures vanquished.

Notes
Turn   | Place    | Note
-------+----------+-------------------------------------------
     0 | D:1      | styxcanada the Spriggan Brigand began the quest for the
                  | Orb.
     0 | D:1      | Reached XP level 1. HP: 10/10 MP: 2/2
    17 | D:1      | Reached skill level 6 in Stealth
   140 | D:1      | Reached XP level 2. HP: 14/14 MP: 3/3
   701 | D:1      | Found a faded altar of an unknown god.
   775 | D:1      | Reached XP level 3. HP: 18/18 MP: 4/4
  1029 | D:2      | Reached skill level 7 in Stealth
  1239 | D:2      | Noticed a scorpion
  1246 | D:2      | Killed a scorpion
  1247 | D:2      | Reached XP level 4. HP: 23/23 MP: 5/5
  2028 | D:3      | Reached skill level 8 in Stealth
  2028 | D:3      | Reached XP level 5. HP: 26/26 MP: 6/6
  2169 | D:3      | Noticed Ijyb
  2174 | D:3      | Killed from afar by Ijyb

Illustrated notes

Levels and vault maps discovered:
D:1:      roderic_dead_forest, layout_rooms, hellmonk_ecumenical_altar_lost_god,
          minmay_tetromino_s2
D:2:      layout_rooms
D:3:      kennysheep_the_goblin_king, layout_basic, gup_sewer_entry_bubbles,
          serial_corexii_hall, chequers_hall_statues_y,
          chequers_hall_statues_corner_a, corexii_hall_statues_x,
          chequers_hall_statues_wall_a, grunt_ministairs_9,
          minmay_misc_feat_encased, minmay_ogre_servants

Skill      XL: |  1  2  3  4 |
---------------+-------------+-----
Stealth        | 6 7 8 |  8.2
Short Blades   | 3 4 |  4.0
Dodging        | 2 |  2.1
Fighting       | |  1.9
Throwing       | |  2.0

Action                   |  1- 3 |  4- 6 || total
-------------------------+-------+-------++-------
Melee: Dagger            |    33 |       ||    33
       Short sword       |    44 |    39 ||    83
       Punch             |     1 |       ||     1
Throw: Dart              |     2 |     4 ||     6
  Use: Scroll            |     2 |     3 ||     5
 Stab: Sleeping          |    16 |     4 ||    20
Armor: Robe              |     7 |     5 ||    12
Dodge: Dodged            |    38 |    19 ||    57
